 Dungeon Crawl Stone Soup version 0.27.1-1-g398f81649c (webtiles) character file.

Game seed: 9393726137332122706

2401 MajorAdolf the Covert (level 9, -3/91 HPs)
             Began as a Naga Wanderer on Sept 20, 2021.
             Was a Believer of Ru.
             Slain by a cyclops (27 damage)
             ... on level 8 of the Dungeon.
             The game lasted 00:15:33 (11344 turns).

MajorAdolf the Covert (Naga Wanderer)              Turns: 11344, Time: 00:15:34

Health: -3/91      AC:  6    Str: 15    XL:     9   Next: 46%
Magic:  10/10      EV:  9    Int: 14    God:    Ru [**....]
Gold:   335        SH:  0    Dex: 12    Spells: 7/10 levels left

rFire    . . .     SeeInvis +   o - +2 short sword (venom)
rCold    . . .     Faith    .   (no shield)
rNeg     . . .     Spirit   .   c - +0 robe
rPois    +         Reflect  .   (no helmet)
rElec    .         Harm     .   (no cloak)
rCorr    .         Rampage  .   s - +1 pair of gloves
Will     +....                  (no barding)
Stlth    ++++......             (no amulet)
HPRegen  0.25/turn              (no ring)
MPRegen  0.12/turn              (no ring)

@: very slow
A: AC +3, large, see invisible, deformed body, poison resistance, slowness 2,
spit poison 1, inability to use devices, naga tail 1
a: Spit Poison, Renounce Religion


You were on level 8 of the Dungeon.
You worshipped Ru.
Ru was pleased with you.
You visited 2 branches of the dungeon, and saw 9 of its levels.

You collected 335 gold pieces.

Inventory:

Hand Weapons
 f - a +1 rapier of holy wrath
 o - a +2 short sword of venom (weapon)
Missiles
 k - 2 throwing nets
 m - 14 poisoned darts (quivered)
Armour
 c - a +0 robe (worn)
 s - a +1 pair of gloves (worn)
Magical Staves
 d - a staff of earth
Jewellery
 q - a ring of ice
 y - an amulet of faith
Wands
 p - a wand of flame (20)
Scrolls
 g - 2 scrolls of amnesia
 i - 2 scrolls of identify
 l - a scroll of silence {unknown}
 n - a scroll of holy word {unknown}
 t - a scroll of blinking {unknown}
 u - a scroll of magic mapping {unknown}
 v - 2 scrolls of immolation {unknown}
 w - 2 scrolls of teleportation {unknown}
Potions
 a - a potion of berserk rage {unknown}
 b - 2 potions of curing
 e - a potion of lignification {unknown}
 h - a potion of mutation {unknown}
 j - a potion of flight {unknown}
 r - a potion of magic {unknown}
 x - a potion of heal wounds {unknown}
 z - a potion of ambrosia {unknown}
 A - a potion of resistance
 B - a potion of brilliance {unknown}


   Skills:
 - Level 9.0 Fighting
 - Level 3.7 Short Blades
 - Level 2.0 Polearms
 - Level 1.0 Crossbows
 - Level 1.0 Dodging
 - Level 10.0 Stealth
 + Level 1.0 Spellcasting
 + Level 1.1 Conjurations
 + Level 1.1 Air Magic
 + Level 1.5 Poison Magic


You had 7 spell levels left.
You knew the following spells:

 Your Spells              Type           Power      Damage    Failure   Level
a - Mephitic Cloud        Conj/Pois/Air  4%         N/A       43%         3

Your spell library contained the following spells:

 Spells                   Type           Power      Damage    Failure   Level
 Magic Dart               Conj           12%        1d3       17%         1
 Call Imp                 Summ           0%         N/A       36%         2
 Summon Guardian Golem    Hex/Summ       0%         N/A       61%         3
 Orb of Destruction       Conj           1%         N/A       100%        7
 Spellforged Servitor     Conj/Summ      1%         N/A       100%        7


Dungeon Overview and Level Annotations

Branches:
Dungeon (8/15)             Temple (1/1) D:6
   Lair: D:8-11

Altars:
Ashenzari
Dithmenos
Fedhas
Gozag
Hepliaklqana
Kikubaaqudgha
Makhleb
Nemelex Xobeh
Okawaru
Qazlal
Ru
Sif Muna
Trog
Uskayaw
Vehumet
Wu Jian
Xom
Zin
The Shining One

Shops:
D:6 [


Innate Abilities, Weirdness & Mutations

Your serpentine skin is tough. (AC +3)
You have supernaturally acute eyesight. (SInv)
Armour fits poorly on your strangely shaped body.
Your system is resistant to poisons. (rPois)
You cover ground very slowly.
You can spit poison.
You cannot study or use magical devices.
You have a snake-like lower body.


Message History

The kobold is moderately wounded.
You kill the kobold!
No target in view!
Things that are here:
a +0 dagger; a kobold corpse You start resting.
A cyclops is nearby!
Unknown command.
The cyclops shouts!
The cyclops hits you!
You hit the cyclops.
The cyclops is poisoned.
The cyclops is lightly wounded.
The cyclops hits you!!
You barely miss the cyclops.
The cyclops is lightly wounded.
You hit the cyclops.
The cyclops looks as sick as possible!
The cyclops is lightly wounded.
The cyclops hits you!!
You focus your inner power and slow the cyclops in retribution!
You hit the cyclops but do no damage.
The cyclops looks as sick as possible!
The cyclops is lightly wounded.
Unknown command.
You feel better. The cyclops barely misses you.
Unknown command.
You hit the cyclops.
The cyclops is moderately wounded.
You hit the cyclops.
The cyclops looks as sick as possible!
The cyclops is heavily wounded.
The cyclops hits you!
Unknown command.
You puncture the cyclops!
The cyclops looks as sick as possible!
The cyclops is severely wounded.
You hit the cyclops.
The cyclops is almost dead.
The cyclops hits you!!
* * * LOW HITPOINT WARNING * * *
Unknown command.
You feel better.
You feel better. The cyclops hits you!!
You die...

###.#### #.....#.
#.....#. #.....#.
#.....#. #.....#.
###'#.'. ######
#.#.#.
#)@).#########.#.#.
#C##.....)).)))#.#.
#.##############.#.
#.##### #.##
#.....###### #.#
#..........# #.
#..........#
#..........#
#..........#


You could see a cyclops (extremely poisoned, slow).

Vanquished Creatures
  A hornet (D:7)
  A water moccasin (D:7)
  An ice beast (D:6)
  A necrophage (D:8)
  A sky beast (D:7)
  An ogre (D:5)
  5 centaurs
  2 phantoms
  A bullfrog (D:7)
  A kobold brigand (D:8)
  2 scorpions
  A water moccasin zombie (D:5)
  2 water moccasin skeletons
  A centaur zombie (D:8)
  4 jellies
  3 hounds
  3 orc priests
  A bullfrog skeleton (D:4)
  A centaur skeleton (D:4)
  A gnoll shaman (Temple)
  4 iguanas
  A hound skeleton (D:5)
  14 gnolls
  6 adders
  2 worms (D:3)
  6 dart slugs
  14 orcs
  4 endoplasms
  3 giant cockroaches
  6 goblins
  5 hobgoblins
  9 kobolds
  A quokka (D:2)
  6 bats
  4 rats
119 creatures vanquished.

Notes
Turn   | Place    | Note
-------+----------+-------------------------------------------
     0 | D:1      | MajorAdolf the Naga Wanderer began the quest for the Orb.
     0 | D:1      | MajorAdolf set off with the following items: a +2 spear, 2
                  | potions of curing, a +0 robe
     0 | D:1      | Reached XP level 1. HP: 22/22 MP: 1/1
   639 | D:1      | Reached XP level 2. HP: 31/31 MP: 2/2
  1057 | D:1      | Found a faded altar of an unknown god.
  1150 | D:2      | Reached skill level 5 in Fighting
  1150 | D:2      | Reached XP level 3. HP: 25/39 MP: 3/3
  2192 | D:3      | Reached XP level 4. HP: 46/46 MP: 4/4
  2844 | D:3      | Reached XP level 5. HP: 26/55 MP: 5/5
  3677 | D:4      | Reached skill level 2 in Stealth
  4232 | D:4      | Reached skill level 3 in Stealth
  4553 | D:4      | Reached skill level 4 in Stealth
  4553 | D:4      | Reached XP level 6. HP: 59/63 MP: 6/6
  4865 | D:4      | Reached skill level 5 in Stealth
  4969 | D:4      | Reached XP level 7. HP: 31/72 MP: 7/7
  5433 | D:4      | Found a radiant altar of Vehumet.
  5840 | D:5      | Entered Level 5 of the Dungeon
  5845 | D:5      | Reached skill level 6 in Stealth
  6604 | D:5      | Reached skill level 7 in Stealth
  7094 | D:5      | Reached XP level 8. HP: 60/81 MP: 8/8
  7302 | D:5      | Found a broken altar of Ashenzari.
  7462 | D:6      | Found a blossoming altar of Fedhas.
  7690 | D:6      | Found a glowing silver altar of Zin.
  7893 | D:6      | Found a staircase to the Ecumenical Temple.
  7903 | Temple   | Entered the Ecumenical Temple
  8045 | Temple   | Became a worshipper of Ru the Awakened
  8380 | D:6      | Reached skill level 8 in Stealth
  8444 | D:6      | Found Gadeif's Antique Armour Shoppe.
  8475 | D:6      | Reached skill level 1 in Short Blades
  9441 | D:6      | Found a shimmering blue altar of Sif Muna.
  9646 | D:7      | Reached skill level 9 in Stealth
  9965 | D:7      | Reached XP level 9. HP: 90/90 MP: 9/9
 10347 | D:7      | Gained mutation: You cannot study or use magical devices.
                  | [Ru sacrifice]
 10347 | D:7      | Reached * piety under Ru
 10347 | D:7      | Reached ** piety under Ru
 10496 | D:8      | Noticed a hornet
 10515 | D:7      | Killed a hornet
 10681 | D:8      | Reached skill level 10 in Stealth
 10731 | D:8      | Noticed a cyclops
 10744 | D:7      | Learned a level 3 spell: Mephitic Cloud
 11007 | D:8      | Found an opulent altar of Gozag.
 11043 | D:8      | Reached skill level 1 in Poison Magic
 11252 | D:8      | Reached skill level 1 in Spellcasting
 11252 | D:8      | Reached skill level 1 in Conjurations
 11252 | D:8      | Reached skill level 1 in Air Magic
 11344 | D:8      | Slain by a cyclops

Illustrated notes

Levels and vault maps discovered:
D:1:      giann_wishing_wells, layout_rooms,
          shapermc_ecumenical_altar_mp_vishouse, hangedman_decor_clover_reticule
D:2:      layout_basic, nrook_mini_backslash
D:3:      layout_basic
D:4:      layout_cave_pods, vehumet_crystals
D:5:      layout_cave_pools, mainiacjoe_overflow_boulevard
D:6:      layout_rooms, mainiacjoe_overflow_surrounded_room, zin_academy,
          nicolae_sif_muna_little_library, minmay_temple_entry_hall,
          serial_shops, shop
D:7:      layout_loops_ring, nrook_campfire, chequers_serial_rivers_marsh
D:8:      minmay_opposing_rooms, layout_basic, mainiacjoe_overflow_24_doors,
          mainiacjoe_overflow_tiny_flanked, serial_shops, kennysheep_mini,
          minmay_radiant
Temple:   dshaligram_water_room_temple

Skill      XL: |  1  2  3  4  5  6  7  8  9 |
---------------+----------------------------+-----
Fighting       | 5 6 7 8 9 |  9.0
Stealth        | 4 5 7 9 10 | 10.0
Evocations     | 3 4 0 |  0.0
Short Blades   | 2 3 |  3.7
Poison Magic   | 1 |  1.5
Spellcasting   | 1 |  1.0
Conjurations   | 1 |  1.1
Air Magic      | 1 |  1.1
Polearms       | |  2.0
Crossbows      | |  1.0
Dodging        | |  1.0

Action                   |  1- 3 |  4- 6 |  7- 9 || total
-------------------------+-------+-------+-------++-------
Melee: Spear             |    78 |   119 |       ||   197
       Short sword       |       |     6 |   187 ||   193
       Rapier            |       |       |    27 ||    27
Throw: Dart              |       |    23 |     5 ||    28
Invok: Sacrifice Artific |       |       |     1 ||     1
 Abil: Spit Poison       |     6 |    19 |    33 ||    58
  Use: Scroll            |       |       |     3 ||     3
       Potion            |       |       |     3 ||     3
 Stab: Sleeping          |     5 |     4 |    11 ||    20
Armor: Robe              |    14 |    18 |   100 ||   132
Dodge: Dodged            |    18 |    53 |   121 ||   192
